 Dungeon Crawl Stone Soup version 0.25-a0-1133-g93ebf739aa (webtiles) character file.

Game seed: 38006772459818685, levelgen mode: deterministic

1982 1994 the Ducker (level 9, -11/63 HPs)
             Began as a Human Artificer on May 21, 2020.
             Was an Initiate of Hepliaklqana.
             Mangled by a troll (12 damage)
             ... on level 6 of the Dungeon.
             The game lasted 00:24:18 (8347 turns).

1994 the Ducker (Human Artificer)                   Turns: 8347, Time: 00:24:18

Health: -11/63     AC: 10    Str: 13    XL:     9   Next: 44%
Magic:  13/13      EV: 17    Int: 12    God:    Hepliaklqana [......]
Gold:   297        SH:  0    Dex: 22    Spells: 8/8 levels left

rFire    . . .     SeeInvis .   a - +3 dagger (speed)
rCold    + . .     Gourm    .   (no shield)
rNeg     . . .     Faith    .   j - +2 leather armour {rC+}
rPois    .         Spirit   .   G - +2 helmet
rElec    .         Reflect  .   (no cloak)
rCorr    .         Harm     .   (no gloves)
MR       .....                  M - +1 pair of boots
Stlth    +++.......             (no amulet)
HPRegen  0.20/turn              r - +6 ring of dexterity
MPRegen  0.13/turn              I - +4 ring of slaying

@: no status effects
A: reduced essence
a: Recall Ancestor, Ancestor Identity, Renounce Religion


You were on level 6 of the Dungeon.
You worshipped Hepliaklqana.
Hepliaklqana was noncommittal.
You were hungry.

You visited 2 branches of the dungeon, and saw 8 of its levels.

You collected 429 gold pieces.
You spent 132 gold pieces at shops.

Inventory:

Hand Weapons
 a - a +3 dagger of speed (weapon)
 b - a +0 hunting sling
 K - the +0 dagger of Jarixo {vorpal, rPois}
   (You took it off an orc on level 6 of the Dungeon)

   It inflicts extra damage upon your enemies.
   It protects you from poison.
 L - a +1 shortbow
Missiles
 h - 127 stones (quivered)
 k - 57 sling bullets
 A - 156 arrows
Armour
 j - a +2 leather armour of cold resistance (worn)
 G - a +2 helmet (worn)
 M - a +1 pair of boots (worn)
Jewellery
 r - a +6 ring of dexterity (left hand)
 u - an uncursed ring of magical power
 z - a +6 ring of dexterity
 I - a +4 ring of slaying (right hand)
Wands
 c - a wand of flame (11)
 d - a wand of enslavement (12)
 e - a wand of random effects (14)
Scrolls
 l - a scroll of enchant weapon
 p - 3 scrolls of fear
 s - 2 scrolls of immolation
 t - 2 scrolls of magic mapping
 v - 2 scrolls of blinking
 w - a scroll of torment {unknown}
 y - 3 scrolls of fog
 E - 5 scrolls of remove curse
 N - 3 scrolls of teleportation
Potions
 g - a potion of stabbing {unknown}
 i - 3 potions of brilliance
 m - 2 potions of resistance
 n - 3 potions of ambrosia
 o - a potion of might {unknown}
 q - a potion of berserk rage {unknown}
 x - 2 potions of curing
 B - 2 potions of cancellation
 C - a potion of heal wounds {unknown}
 F - 2 potions of flight
 H - a potion of lignification {unknown}
Comestibles
 f - 5 rations


   Skills:
 * Level 6.6 Fighting
 - Level 1.0 Short Blades
 * Level 2.9 Bows
 * Level 6.7 Dodging
 + Level 4.9 Stealth
 + Level 5.4 Evocations


You had 8 spell levels left.
You didn't know any spells.
Your spell library was empty.

Dungeon Overview and Level Annotations

Branches:
Dungeon (7/15)             Temple (1/1) D:5

Altars:
Ashenzari
Dithmenos
Fedhas
Gozag
Hepliaklqana
Kikubaaqudgha
Makhleb
Nemelex Xobeh
Ru
Sif Muna
Trog
Uskayaw
Vehumet
Wu Jian
Xom
Zin
The Shining One
Lugonu

Shops:
D:5 ?   D:6 ?

Annotations:
D:6 , 2 transporters, glosham's ghost, novice DEBe


Message History

You hit the troll but do no damage.
The troll is lightly wounded.
Beorhtric barely misses the adder skeleton.
The adder skeleton bites Beorhtric.
Unknown command.
Unknown command.
The orc priest calls down the wrath of Beogh upon you.
Beogh smites you!
* * * LOW HITPOINT WARNING * * *
Beorhtric hits the adder skeleton!
The adder skeleton is destroyed!
The troll closely misses you. The troll claws you.
* * * LOW HITPOINT WARNING * * *
The troll closely misses you.
There is a stone staircase leading up here.
Beorhtric closely misses the troll.
Glosham's ghost hits Beorhtric.
The troll bites you!
* * * LOW HITPOINT WARNING * * *
The troll claws you but does no damage. The troll claws you!
You die...

###.#.......#.......## #####
.##.#...#...#.##....# ######...##
....#..#.#..'.##...)# #..........
.#..#.......'..#....###....#.....
....#.%#.#..)..#....#.....###....
.##.#..%#...#o.)....#.##..###..##
.##.#.......#.WR.^<.#.###..#..###
....#########..T.......##.....##.
.##.............@)...............
.####.##.....[.......##.........#
.........#....).....####..._...##
.....................##.........#
.#..........)............).......
##.......)......####...##.....##.
.......###......#####.###..#..###
............###....#..##..###..##
....).....©.#*####.#......###....


You could see the friendly Beorhtric the ancestor, a troll, an orc priest and
glosham's ghost.

Vanquished Creatures
  A hungry ghost (D:4)
  2 ice beasts
  2 iguanas (D:5)
  An ogre (D:4)
  A centaur (D:5)
  A scorpion (D:4)
  2 crimson imps
  3 hounds
  4 orc priests
  3 orc wizards (D:6)
  A centaur skeleton (D:4)
  2 worker ants
  Robin (D:4)
  8 adders
  An ooze (D:1)
  An adder zombie (D:6)
  4 worms
  An adder skeleton (D:4)
  A dart slug (D:3)
  6 leopard geckos
  24 orcs
  12 bats
  8 giant cockroaches
  16 goblins
  13 hobgoblins
  6 jackals
  6 kobolds
  6 quokkas
  2 ball pythons
  7 frilled lizards
  A leopard gecko skeleton (D:6)
  10 rats
157 creatures vanquished.

Vanquished Creatures (collateral kills)
  Grinder (D:5)
  A black bear (D:6)
  A centaur (D:6)
  A scorpion (D:5)
  A crimson imp (D:6)
  A hound (D:6)
  3 orc wizards (D:6)
  An orc priest (D:6)
  A bullfrog skeleton (D:6)
  A worker ant zombie (D:6)
  An adder skeleton (D:6)
  3 orcs (D:6)
16 creatures vanquished.

Vanquished Creatures (others)
  A goblin (D:3)
  A hobgoblin (D:4)
2 creatures vanquished.

Grand Total: 175 creatures vanquished

Notes
Turn   | Place    | Note
-------+----------+-------------------------------------------
     0 | D:1      | 1994 the Human Artificer began the quest for the Orb.
     0 | D:1      | Reached XP level 1. HP: 15/15 MP: 3/3
    78 | D:1      | Reached XP level 2. HP: 21/21 MP: 4/4
   616 | D:1      | Reached XP level 3. HP: 13/26 MP: 5/5
  1837 | D:2      | Reached XP level 4. HP: 15/33 MP: 6/6
  3106 | D:3      | Found an ancient bone altar of Kikubaaqudgha.
  3185 | D:3      | Reached XP level 5. HP: 37/39 MP: 7/7
  3540 | D:3      | Found an opulent altar of Gozag.
  3564 | D:3      | You fall into a shaft and drop 3 floors!
  3567 | D:6      | Noticed an ice beast
  3666 | D:6      | Found a shadowy altar of Dithmenos.
  3668 | D:6      | Noticed a black bear
  3678 | D:6      | Killed a black bear
  3678 | D:6      | Reached XP level 6. HP: 24/47 MP: 8/8
  3853 | D:6      | Killed an ice beast
  4117 | D:6      | Found a runed translucent gate.
  4117 | D:6      | Noticed a troll
  4120 | D:6      | Found a runed translucent gate.
  4121 | D:6      | Found a runed translucent gate.
  4132 | D:5      | Entered Level 5 of the Dungeon
  4204 | D:5      | Found a bloodstained altar of Trog.
  4205 | D:5      | Found a shattered altar of Ashenzari.
  4245 | D:5      | Found Gyoradd's Magic Scroll Shop.
  4245 | D:5      | Noticed Grinder
  4399 | D:4      | Reached XP level 7. HP: 49/53 MP: 10/10
  4513 | D:3      | Noticed Robin
  4854 | D:4      | Killed Robin
  5016 | D:3      | Found a shadowy altar of Dithmenos.
  6141 | D:4      | Noticed a hungry ghost
  6157 | D:4      | Killed a hungry ghost
  6157 | D:4      | Reached skill level 5 in Fighting
  6157 | D:4      | Reached skill level 5 in Dodging
  6157 | D:4      | Reached XP level 8. HP: 62/62 MP: 11/11
  6515 | D:5      | Found a blossoming altar of Fedhas.
  6662 | D:5      | Killed Grinder
  6812 | D:5      | Reached skill level 5 in Evocations
  6835 | D:5      | Bought a scroll of teleportation for 36 gold pieces
  6844 | D:5      | Bought a scroll of remove curse for 36 gold pieces
  6982 | D:5      | Reached skill level 1 in Bows
  7162 | D:5      | Found a staircase to the Ecumenical Temple.
  7172 | Temple   | Entered the Ecumenical Temple
  7226 | D:5      | Reached XP level 9. HP: 60/69 MP: 12/12
  7275 | D:5      | Found a hazy altar of Hepliaklqana.
  7321 | D:5      | Became a worshipper of Hepliaklqana the Forgotten
  7639 | D:6      | Noticed glosham's ghost (novice DEBe)
  7743 | D:6      | Found a transporter.
  7808 | D:6      | Identified the +0 dagger of Jarixo {vorpal, rPois}
  8010 | D:6      | Found Kaevomob's Magic Scroll Shop.
  8018 | D:6      | Bought a scroll of fear for 38 gold pieces
  8018 | D:6      | Bought a scroll of fog for 22 gold pieces
  8039 | D:6      | Found a transporter.
  8261 | D:6      | Found an opulent altar of Gozag.
  8261 | D:6      | Found a sacrificial altar of Ru.
  8263 | D:6      | Found a burning altar of Makhleb.
  8347 | D:6      | HP: 1/63 [troll (13)]
  8347 | D:6      | Mangled by a troll

Illustrated notes

Levels and vault maps discovered:
D:1:      nicolae_arrival_memento_mori, layout_basic
D:2:      cheibrodos_greedy_goblins, layout_basic
D:3:      layout_loops_corners, lemuel_doored_altar, overflow_temple_1_default,
          grunt_ministairs_3, nicolae_gozag_cash_rules_everything_around_me,
          uniq_robin
D:4:      layout_loops_cross, first_ration
D:5:      layout_basic, fedhas_altar_1, kennysheep_mini,
          gammafunk_temple_overflow_statue, minmay_temple_entry_wispy,
          serial_shops, shop_scrolls, uniq_grinder
D:6:      gammafunk_cloud_chamber, layout_rooms, nicolae_overflow_hidden_temple,
          serial_shops, shop, gammafunk_ghost_split,
          nicolae_dithmenos_shadow_blocks
D:7:      layout_loops_ring, nicolae_qazlal_style_of_elements,
          marbit_many_paths, kennysheep_mini_moat, grunt_livestock,
          columned_hall_lemuel, minmay_misc_feat_columns,
          chequers_serial_rivers_marsh
Temple:   corrupted_temple

Skill      XL: |  1  2  3  4  5  6  7  8  9 |
---------------+----------------------------+-----
Fighting       | 2 3 5 6 |  6.6
Dodging        | 3 4 5 6 |  6.7
Stealth        | 2 3 4 |  4.9
Evocations     | 4 5 |  5.4
Bows           | 1 2 |  2.9
Short Blades   | |  1.0

Action                   |  1- 3 |  4- 6 |  7- 9 || total
-------------------------+-------+-------+-------++-------
Melee: Short sword       |   118 |    74 |    11 ||   203
       Dagger            |       |       |   246 ||   246
 Fire: Hunting sling     |    25 |   105 |   123 ||   253
Throw: Stone             |    16 |       |       ||    16
Invok: Recall Ancestor   |       |       |     1 ||     1
Evoke: Wand              |     1 |     5 |     2 ||     8
  Use: Scroll            |       |       |    12 ||    12
 Stab: Sleeping          |     1 |     1 |     7 ||     9
       Distracted        |       |       |     3 ||     3
  Eat: Chunk             |     3 |     7 |    15 ||    25
Armor: Leather armour    |    52 |    26 |    37 ||   115
       Ring mail         |       |       |    25 ||    25
Dodge: Dodged            |    96 |   104 |   214 ||   414

Table legend:
 A = Non-vault XP
 B = Vault XP
 C = Vault XP percentage of total XP
 D = Non-vault monster count
 E = Vault monster count
 F = Vault count percentage of total count
                 A         B        C        D         E       F
            +---------+---------+-------+---------+---------+-------
      Total |    2436 |     396 |  14.0 |     149 |      24 |  13.9
            +---------+---------+-------+---------+---------+-------
        D:1 |      57 |       0 |   0.0 |      31 |       0 |   0.0
        D:2 |      58 |      13 |  18.3 |      21 |       7 |  25.0
        D:3 |     127 |       4 |   3.1 |      24 |       3 |  11.1
        D:4 |     545 |      31 |   5.4 |      19 |      10 |  34.5
        D:5 |     687 |     258 |  27.3 |      27 |       1 |   3.6
        D:6 |     917 |      90 |   8.9 |      26 |       3 |  10.3
        D:7 |      45 |       0 |   0.0 |       1 |       0 |   0.0
            +---------+---------+-------+---------+---------+-------
